cohdb
Replays
Latest Replays
All Replays
Popular Replays
Top Player Replays
Match Explorer
How It Works
Community
CoH3 Stats
Reddit
Sign in to upload your games and track your stats! →
Sign in with Steam
Match 45945548
Unlisted
Match 45945548
Overview
Messages
Build Orders
End
Pioneer Squad
Pioneer Squad
Construct Infanterie Kompanie
Construct Infanterie Kompanie
Grenadier Squad
Grenadier Squad
MG 42 Machine Gun Team
Construct Luftwaffe Kompanie
Jäger Squad
Jäger Squad
Support Elements
Medical Station
Selects Breakthrough Battlegroup
Selects Rapid Production
Selects Assault Grenadiers
Selects Blitzkrieg
Wirbelwind Flakpanzer
Marder III M Tank Destroyer
Jäger Squad
MG 42 Machine Gun Team
Imagodei
Max1boy
0
0
Comments
sign in to comment!
No comments posted yet!